 Dungeon Crawl Stone Soup version 0.31-a0-234-gad7ace16ef (webtiles) character file.

Game seed: 8523751282547461257

219 Ijustatesigmund the Stinger (level 5, 0/35 HPs)
             Began as an Octopode Venom Mage on July 10, 2023.
             Slain by an iguana (10 damage)
             ... on level 4 of the Dungeon.
             The game lasted 00:07:38 (3176 turns).

Ijustatesigmund the Stinger (Octopode Venom Mage)   Turns: 3176, Time: 00:07:38

Health: 0/35       AC: 12    Str:  8    XL:     5   Next: 96%
Magic:  5/9        EV: 13    Int: 19    God:
Gold:   191        SH:  0    Dex: 12    Spells: 4/10 levels left

rFire   . . .        h - +1 flail (protect)
rCold   . . .        (no shield)
rNeg    . . .        (helmet restricted)
rPois   .            (no amulet)
rElec   .            i - +4 ring of protection
rCorr   .            (no ring)
SInv    .            (no ring)
Will    .....        (no ring)
Stlth   +++          (no ring)
HPRegen 0.25/turn    (no ring)
MPRegen 0.11/turn    (no ring)
                     (no ring)

%: no passive effects
@: under a protective aura
A: almost no armour, amphibious, 8 rings, camouflage 1, gelatinous body 1,
(nimble swimmer 1), tentacles
a: no special abilities


You were on level 4 of the Dungeon.
You visited 1 branch of the dungeon, and saw 4 of its levels.

You collected 191 gold pieces.

Inventory:

Hand Weapons
 e - a +1 dagger of speed
 h - a +1 flail of protection (weapon)
Jewellery
 i - a +4 ring of protection (left tentacle)
Scrolls
 b - 3 scrolls of vulnerability
 c - a scroll of fog
Potions
 a - 2 potions of magic
 g - a potion of curing
 m - a potion of cancellation {unknown}


   Skills:
 + Level 2.4 Fighting
 - Level 2.0 Dodging
 - Level 2.6 Stealth
 + Level 3.1 Spellcasting
 + Level 1.8 Conjurations
 - Level 1.0 Transmutations
 + Level 1.9 Air Magic
 + Level 4.8 Poison Magic


You had 4 spell levels left.
You knew the following spells:

 Your Spells              Type           Power      Damage    Failure   Level
a - Sting                 Tmut/Pois      56%        1d5       4%          1
b - Poisonous Vapours     Pois/Air       30%        N/A       5%          2
c - Mephitic Cloud        Conj/Pois/Air  13%        N/A       14%         3

Your spell library contained the following spells:

 Spells                   Type           Power      Damage    Failure   Level
 Olgreb's Toxic Radiance  Pois           21%        N/A       21%         4
 Inner Flame              Hex/Fire       2%         N/A       41%         3
 Flame Wave               Conj/Fire      6%         2d5       71%         4
 Sticky Flame             Conj/Fire      6%         2d3       71%         4


Dungeon Overview and Level Annotations

Branches:
Dungeon (4/15)
 Temple: D:4-7

Altars:


Innate Abilities, Weirdness & Mutations

You cannot wear most types of armour.
You are amphibious.
You can wear up to eight rings at the same time.
Your skin changes colour to match your surroundings (Stealth+).
Your rubbery body absorbs attacks. (AC +1, EV +1)
((You are camouflaged when in or above water. (Stealth+)))
You have tentacles for arms and can constrict up to eight enemies at once.


Message History

The gnoll is heavily wounded.
You constrict the gnoll. The gnoll hits you with a +0 club.
You sock the gnoll!
Your weapon exudes an aura of protection.
You kill the gnoll!
Your magical contamination has completely faded away.
You sock the iguana! Your grab misses the iguana.
The iguana is heavily wounded.
The iguana bites you but does no damage.
You hit the iguana. You grab the iguana.
The iguana is heavily wounded.
You constrict the iguana, but do no damage.
The iguana bites you!
The iguana bites you but does no damage.
You hit the iguana but do no damage.
The iguana is heavily wounded.
You constrict the iguana, but do no damage.
The iguana bites you!
* * * LOW HITPOINT WARNING * * *
You are too injured to fight recklessly!
You are too injured to fight recklessly!
You are too injured to fight recklessly!
You are too injured to fight recklessly!
You are too injured to fight recklessly!
You are too injured to fight recklessly!
Casting: Poisonous Vapours (safe; 5% risk of failure)
Confirm with . or Enter, or press ? or * to list all spells.
Aiming: Sting (safe; 4% risk of failure)
Press: ? - help, Shift-Dir - straight line, f - iguana
Aim: an iguana (heavily wounded, constricted by you, 100% to hit)
The sting hits the iguana but does no damage.
The iguana is poisoned.
The iguana is heavily wounded.
You constrict the iguana. The iguana closely misses you.
You hit the iguana but do no damage.
You squeeze the iguana, but do no damage.
The iguana is severely wounded.
You constrict the iguana, but do no damage.
The iguana bites you!
You die...

. ..>. ##.
#####..##
...####..
..(.
.....#.###.#
#...#.#...#
#...#.#...#
#...'.....#
#...#.##l##
#...<..@##
##......#
#.........#
####.......+
######
#......###
......
........#
######
##........
##
#........#
.#


You could see an iguana (poisoned).

Vanquished Creatures
  A hound (D:4)
  A gnoll bouda (D:3)
  Robin (D:2)
  A gnoll (D:4)
  5 adders
  2 ufetubi
  4 worms (D:3)
  A dart slug (D:3)
  6 orcs
  3 ball pythons
  2 bats
  An endoplasm (D:1)
  18 goblins
  3 hobgoblins
  2 jackals (D:4)
  2 quokkas
  2 frilled lizards
  6 kobolds
  5 rats
66 creatures vanquished.

Notes
Turn   | Place    | Note
-------+----------+-------------------------------------------
     0 | D:1      | Ijustatesigmund the Octopode Venom Mage began the quest for
                  | the Orb.
     0 | D:1      | Reached XP level 1. HP: 11/11 MP: 3/3
   447 | D:1      | Reached XP level 2. HP: 18/18 MP: 1/5
   676 | D:1      | Reached skill level 1 in Fighting
   723 | D:2      | Reached skill level 4 in Poison Magic
   736 | D:2      | Learned a level 2 spell: Poisonous Vapours
   793 | D:2      | Reached XP level 3. HP: 23/23 MP: 1/6
   802 | D:2      | Learned a level 3 spell: Mephitic Cloud
   929 | D:2      | Identified the +0 spear "Nothuck" {venom, *Noise rF- Int+5
                  | Dex+3}
  1016 | D:2      | Noticed Robin
  1498 | D:2      | Killed Robin
  1499 | D:2      | Reached XP level 4. HP: 17/29 MP: 0/7
  1672 | D:3      | Reached skill level 1 in Air Magic
  1752 | D:3      | Reached skill level 1 in Conjurations
  2061 | D:4      | Reached XP level 5. HP: 29/34 MP: 7/9
  2142 | D:4      | Noticed a phantom
  3176 | D:4      | Slain by an iguana

Illustrated notes

Levels and vault maps discovered:
D:1:      minmay_arrival_arboretum_small, layout_basic
D:2:      layout_rooms, supply_closet_lemuel, uniq_robin
D:3:      layout_rooms, nicolae_kite_square_tiling_tiny, nicolae_wormholes
D:4:      layout_basic, general_overflow_altar,
          gammafunk_temple_overflow_elements, elyvilon_altar_3, minmay_circle_x

Skill      XL: |  1  2  3  4  5 |
---------------+----------------+-----
Fighting       | 1 2 |  2.4
Poison Magic   | 4 |  4.8
Air Magic      | 1 |  1.9
Conjurations   | 1 |  1.8
Spellcasting   | 3 |  3.1
Dodging        | |  2.0
Stealth        | |  2.6
Transmutations | |  1.0

Action                     |  1- 3 |  4- 6 || total
---------------------------+-------+-------++-------
  Melee: Unarmed           |    17 |       ||    17
         Constrict         |    21 |    17 ||    38
         Tentacles         |    19 |    18 ||    37
         Dagger            |    59 |    72 ||   131
         Punch             |     2 |       ||     2
         Flail             |       |    20 ||    20
   Cast: Sting             |     8 |    11 ||    19
         Poisonous Vapours |    10 |    24 ||    34
    Use: Scroll            |     7 |     2 ||     9
         Potion            |       |     1 ||     1
   Stab: Sleeping          |     2 |     3 ||     5
 Armour: Skin              |    13 |    48 ||    61
  Dodge: Dodged            |    53 |    45 ||    98

Table legend: (Time is in decaauts)
 A = Elapsed time spent in this place.
 B = Non-inter-level travel time spent in this place.
 C = Inter-level travel time spent in this place.
 D = Time resting spent in this place.
 E = Time spent auto-exploring this place.
 F = Levels seen in this place.
 G = Mean time per level.
                   A        B        C        D        E       F      G
               +--------+--------+--------+--------+--------+-----+--------+
         Total |   3141 |   3079 |     62 |   1517 |   1079 |   4 |  785.2 |
       Dungeon |   3141 |   3079 |     62 |   1517 |   1079 |   4 |  785.2 |
               +--------+--------+--------+--------+--------+-----+--------+

Top non-repeatable levels by time:
     D:3: 1294 daAuts
     D:2: 847 daAuts
     D:1: 714 daAuts
     D:4: 284 daAuts
